 Dungeon Crawl Stone Soup version 0.31.0-12-g77e489cdc1 (webtiles) character file.

Game seed: 8144161906617130543

2604507 dertzug the Heavyweight Champion (level 26, 308/308 HPs)
             Began as a Troll Fighter on Feb 11, 2024.
             Was a High Priest of Jiyva.
             Escaped with the Orb
             ... and 4 runes!
             The game lasted 02:15:48 (58479 turns).

dertzug the Heavyweight Champion (Troll Fighter)   Turns: 58479, Time: 02:15:49

Health: 308/308    AC: 10    Str: 38    XL:     26   Next: 83%
Magic:  31/31      EV: 29    Int: 10    God:    Jiyva [*****.]
Gold:   3792       SH: 18    Dex: 23    Spells: 25/25 levels left

rFire   + +          .
                       - Unarmed
rCold   + + .        x - +0 kite shield {reflect}
rNeg    + . .        R - +2 robe {rC+ rF+}
rPois   .            y - +2 hat
rElec   .            Q - +0 cloak "Heboroz" {Str+4 Dex+2}
rCorr   +            (gloves unavailable)
SInv    .            (boots unavailable)
Will    ++...        a - amulet of Rewuyvve {Spirit Rampage Int+3}
Stlth   +            Z - ring of Girghiru {rC+ rN+ Dex+6}
HPRegen 2.95/turn    f - ring of Toseukk {rF+ Will+ MP+9}
MPRegen 0.94/turn

%: reflection, resist mutation, guardian spirit, rampage
@: studying Fighting
A: large, unfitting armour, claws 3, regeneration 1, shaggy fur 1, tough skin 1,
iridescent scales 1, clever 1, deformed body, mutation resistance 3, robust 1,
strong 1, wild magic 2, jelly absorbing missiles, MP-powered wands, engulf
0: Orb of Zot
}: 4/15 runes: barnacled, slimy, silver, gossamer
a: Renounce Religion, Oozemancy, Slimify


You escaped.
You worshipped Jiyva.
Jiyva was extremely pleased with you.
You visited 11 branches of the dungeon, and saw 55 of its levels.
You visited the Abyss 1 time.
You also visited: Trove, Ice Cave and Wizlab.

You collected 8740 gold pieces.
You spent 4948 gold pieces at shops.

Inventory:

Missiles
 k - 5 throwing nets
Armour
 x - a +0 kite shield of reflection (worn)
 y - a +2 hat (worn)
 Q - the +0 cloak "Heboroz" (worn) {Str+4 Dex+2}
   (You found it on level 4 of the Lair of Beasts)

   Str+4:     It affects your strength (+4).
   Dex+2:     It affects your dexterity (+2).
 R - a +2 robe of resistance (worn)
Jewellery
 a - the amulet of Rewuyvve (around neck) {Spirit Rampage Int+3}
   (You found it in a treasure trove)

   [amulet of guardian spirit]

   Spirit:    It causes incoming damage to be divided between your reserves of
   health and magic.
   Int+3:     It affects your intelligence (+3).
   Rampage:   It bestows one free step when moving towards enemies.
 f - the ring of Toseukk (right claw) {rF+ Will+ MP+9}
   (You bought it in a shop on level 5 of the Vaults)

   [ring of willpower]

   rF+:       It protects you from fire.
   Will+:     It increases your willpower.
   MP+9:      It affects your magic capacity (+9).
 w - a ring of protection from cold
 z - the ring of Emnoch {rN++ MP+9 Int-4}
   (You found it in a treasure trove)

   [ring of magical power]

   Int-4:     It affects your intelligence (-4).
   rN++:      It greatly protects you from negative energy.
   MP+9:      It affects your magic capacity (+9).
 C - a ring of fire
 H - a +6 ring of intelligence
 I - an amulet of reflection
 J - a ring of willpower
 T - a ring of see invisible
 Y - the ring "Gofroiwo" {Wiz rC+++}
   (You found it in a treasure trove)

   [ring of wizardry]

   Wiz:       It improves your spell success rate.
   rC+++:     It renders you almost immune to cold.
 Z - the ring of Girghiru (left claw) {rC+ rN+ Dex+6}
   (You bought it in a shop on level 5 of the Vaults)

   [ring of dexterity]

   Dex+6:     It affects your dexterity (+6).
   rC+:       It protects you from cold.
   rN+:       It protects you from negative energy.
Wands
 b - a wand of flame (26)
 e - a wand of charming (5)
 j - a wand of mindburst (7)
 K - a wand of polymorph (3)
 L - a wand of light (7)
 U - a wand of digging (10)
 W - a wand of iceblast (10) (quivered)
Scrolls
 c - 4 scrolls of fear
 h - 2 scrolls of revelation
 m - 6 scrolls of teleportation
 n - 3 scrolls of fog
 o - 10 scrolls of enchant weapon
 q - 6 scrolls of immolation
 s - 2 scrolls of silence
 t - 2 scrolls of summoning
 u - 6 scrolls of blinking
 A - 2 scrolls of enchant armour
 G - 2 scrolls of poison
 V - a scroll of amnesia
Potions
 d - 2 potions of haste
 i - 4 potions of brilliance
 l - 14 potions of curing
 p - 4 potions of might
 v - 7 potions of attraction
 B - a potion of enlightenment
 D - 2 potions of cancellation
 F - 11 potions of mutation
 M - 2 potions of magic
 O - 5 potions of resistance
 P - 3 potions of lignification
 S - 4 potions of invisibility
Miscellaneous
 g - a condenser vane
 r - a phial of floods
 N - a lightning rod (4/4)


   Skills:
 * Level 19.5 Fighting
 * Level 23.8 Dodging
 + Level 21.8 Shields
 O Level 27 Unarmed Combat
 + Level 2.0 Evocations


You had 25 spell levels left.
You didn't know any spells.
Your spell library contained the following spells:

 Spells                   Type           Power      Damage    Failure   Level
 Apportation              Tloc           0%         N/A       56%         1
 Freeze                   Ice            0%         1d3       56%         1
 Magic Dart               Conj           0%         1d3       56%         1
 Slow                     Hex            0%         N/A       56%         1
 Sting                    Conj/Alch      0%         1d3       56%         1
 Blink                    Tloc           0%         N/A       71%         2
 Jinxbite                 Hex            0%         N/A       71%         2
 Lesser Beckoning         Tloc           0%         N/A       71%         2
 Mercury Vapours          Alch/Air       0%         N/A       71%         2
 Momentum Strike          Conj/Tloc      0%         3d8       71%         2
 Scorch                   Fire           0%         2d5       71%         2
 Searing Ray              Conj           0%         2d4       71%         2
 Call Canine Familiar     Summ           0%         N/A       88%         3
 Confusing Touch          Hex            0%         N/A       88%         3
 Dazzling Flash           Conj/Hex       0%         N/A       88%         3
 Frozen Ramparts          Ice            0%         1d1       88%         3
 Hailstorm                Conj/Ice       0%         3d5       88%         3
 Inner Flame              Hex/Fire       0%         N/A       88%         3
 Mephitic Cloud           Conj/Alch/Air  0%         N/A       88%         3
 Passwall                 Erth           0%         N/A       88%         3
 Sigil of Binding         Hex            0%         N/A       88%         3
 Summon Ice Beast         Ice/Summ       0%         N/A       88%         3
 Vampiric Draining        Necr           0%         2d6       88%         3
 Anguish                  Hex/Necr       0%         N/A       99%         4
 Animate Dead             Necr           0%         N/A       99%         4
 Dimensional Bullseye     Hex/Tloc       0%         N/A       99%         4
 Flame Wave               Conj/Fire      0%         2d4       99%         4
 Fulminant Prism          Conj/Alch      0%         3d5       99%         4
 Olgreb's Toxic Radiance  Alch           0%         N/A       99%         4
 Summon Lightning Spire   Summ/Air       0%         N/A       99%         4
 Vhi's Electric Charge    Tloc/Air       0%         N/A       99%         4
 Alistair's Intoxication  Alch           0%         N/A       100%        5
 Arcjolt                  Conj/Air       0%         1d10      100%        5
 Borgnjor's Vile Clutch   Necr/Erth      0%         N/A       100%        5
 Curse of Agony           Necr           0%         N/A       100%        5
 Freezing Cloud           Conj/Ice/Air   0%         6-21      100%        5
 Irradiate                Conj/Alch      0%         3d11      100%        5
 Silence                  Hex/Air        0%         N/A       100%        5
 Summon Forest            Summ/Tloc      0%         N/A       100%        5
 Summon Mana Viper        Hex/Summ       0%         N/A       100%        5
 Yara's Violent Unravell  Hex/Alch       0%         3d3       100%        5
 Conjure Ball Lightning   Conj/Air       0%         3x3d6     100%        6
 Death Channel            Necr           0%         N/A       100%        6
 Dispersal                Tloc           0%         N/A       100%        6
 Eringya's Noxious Bog    Alch           0%         4d6       100%        6
 Plasma Beam              Fire/Air       0%         2x1d10    100%        6
 Sculpt Simulacrum        Ice/Alch       0%         N/A       100%        6
 Summon Cactus Giant      Summ           0%         N/A       100%        6
 Enfeeble                 Hex            0%         N/A       100%        7
 Monstrous Menagerie      Summ           0%         N/A       100%        7
 Ozocubu's Refrigeration  Ice            0%         4d7       100%        7
 Summon Hydra             Summ           0%         N/A       100%        7
 Discord                  Hex            0%         N/A       100%        8
 Disjunction              Tloc           0%         N/A       100%        8
 Ignition                 Fire           0%         3d3       100%        8
 Maxwell's Capacitive Co  Air            0%         ∞         100%        8
 Death's Door             Necr           0%         N/A       100%        9
 Polar Vortex             Ice            0%         N/A       100%        9
 Shatter                  Erth           0%         3d5*      100%        9


Dungeon Overview and Level Annotations

Branches:
Dungeon (15/15)            Temple (0/1) D:5            Lair (5/5) D:8
 Shoals (4/4) Lair:3       Spider (4/4) Lair:3        Slime (5/5) Lair:4
    Orc (2/2) D:10            Elf (3/3) Orc:2        Vaults (5/5) D:13
  Crypt (3/3) Vaults:2       Tomb (0/3) Crypt:3      Depths (4/4) D:15
    Zot (5/5) Depths:4      IceCv (visited)          WizLab (visited)

Altars:
Ashenzari
Cheibriados
Dithmenos
Elyvilon
Okawaru
Trog
Vehumet
Wu Jian
Xom
Yredelemnul
Jiyva
Lugonu

Shops:
D:7 *   D:8 !   D:11 =   Orc:1 :   Orc:2 [*(?   Elf:2 :   Shoals:1 ((*?[
Vaults:2 !   Vaults:5 =![

Portals:
Hell: Depths:1 Depths:2 Depths:3 Depths:4
Abyss: Depths:2 Depths:3 Depths:4
Pandemonium: Depths:1 Depths:2
Ziggurat: Depths:1

Annotations:
D:6 2 runed translucent doors
D:8 1 exclusion
Lair:1 2 transporters, exclusion: ice statue, topfpfpflanze's ghost, journeyman OpCj
Shoals:1 2 transporters, Keherigeeg's ghost, adept FoCK
Spider:4 1 exclusion
Slime:5 Royal Jelly
Depths:1 2 runed translucent doors, Barug's ghost, adept TrMo
Depths:2 2 transporters, Gabide's ghost, adept TeMo
Zot:5 exclusion: orange crystal statue


Innate Abilities, Weirdness & Mutations

You are too large for most types of armour.
You have claws for hands.
Your natural rate of healing is unusually fast.
You are covered in fur. (AC +1)
You have tough skin. (AC +1)
You are partially covered in iridescent scales. (AC +2)
Your mind is acute. (Int +4, Str/Dex -1)
Armour fits poorly on your strangely shaped body.
You are almost entirely resistant to further mutation and mutation removal.
You are robust. (+10% HP)
Your muscles are strong. (Str +4, Int/Dex -1)
Your spells are harder to cast, but more powerful.
You have a small jelly attached to you that may absorb projectiles.
You expend magic power (3 MP) to strengthen your wands.
Your melee attacks may engulf your foes in ooze.


Message History

You mangle the demonic crawler!!
You kill the demonic crawler!
You hear a distant slurping noise.
There is a stone staircase leading up here.
You climb upwards.
There is a stone staircase leading down here.
You hear a distant slurping noise.
You hear a distant slurping noise.
You hear a distant slurping noise.
You hear a squelching noise.
There is a stone staircase leading up here.
You climb upwards.
There is a stone staircase leading down here.
A Hell Sentinel comes into view.
The Hell Sentinel moves out of view.
There is a stone staircase leading up here.
You climb upwards.
There is a stone staircase leading down here.
Jiyva says: Divide and consume!
There is a stone staircase leading up here.
You climb upwards.
There is a stone staircase leading down here.
An Orb Guardian comes into view.
You feel yourself speed up. You block the Orb Guardian's attack.
The Orb Guardian attacks as it pursues you!
The Orb Guardian hits you!!
There is an open door here.
A neqoxec comes into view.
There is a stone staircase leading up here.
You climb upwards.
There is a stone staircase leading down here.
Your extra speed is starting to run out.
There is a stone staircase leading down here.
You swap places.
You feel yourself slow down.
You enter the shallow water.
There is an open door here.
There is a staircase leading out of the dungeon here.
You can't go down here!
You have escaped!

#.#.####.###.................###
##.........################...#..
.....J##.#####...#### #.#.#..
####.......~♣##.##♣~# #J#.#..
.........##~~P#.#P~~### #.#.#..
####..###..~~~~~~~~~~.## #...#..
...........~~~#'#♣~~.#.######.#..
###...#####~P##.##♣~###.......#..
# #...########..@###.#.#...#.J###
###...#....# ##### #......J##....
........#### #.# #####...###..#
......### #.# ##.## ##.# ......#
#.# #># #.# ####.##########.# #.#
##.# # #............# #.# #.#. #
############## #.# ##.# # #.#
##.#


There were no monsters in sight!

Vanquished Creatures
  A pandemonium lord (Depths:2)
  5 dread liches
  4 ancient liches
  5 orbs of fire
  2 juggernauts
  Bai Suzhen (Shoals:4)
  3 Killer Klowns (Zot:5)
  6 curse toes
  2 caustic shrikes (Depths:3)
  12 golden dragons
  A bone dragon (Depths:4)
  Jory (Vaults:4)
  2 electric golems
  17 tentacled monstrosities
  Jorgrun (Orc:2)
  2 walking crystal tomes
  2 deep elf blademasters
  6 liches
  8 titans
  3 deep elf master archers (Elf:3)
  25 Orb Guardians (Zot:5)
  8 quicksilver dragons
  11 ancient champions
  A walking frostbound tome (Depths:3)
  10 death cobs
  2 krakens
  3 sphinxes
  16 storm dragons
  9 tengu reavers
  Agnes (Spider:1)
  Roxanne (Shoals:1)
  7 shadow dragons
  Aizul (Vaults:2)
  2 revenants (Crypt:3)
  Donald (Vaults:2)
  6 protean progenitors
  6 draconian monks
  Ilsuiw (Shoals:3)
  2 emperor scorpions
  3 draconian shifters (Zot:4)
  10 deep elf sorcerers (Elf:3)
  4 ghost moths
  25 vault wardens
  11 draconian knights
  3 draconian scorchers (Zot:3)
  3 deep elf elementalists (Elf:3)
  10 frost giants
  7 fire giants
  A caustic shrike zombie (Depths:1)
  An iron dragon (Depths:2)
  3 draconian stormcallers (Zot:3)
  2 reapers
  7 ghouls
  7 caustic shrike skeletons
  5 draconian annihilators
  16 ironbound preservers
  4 broodmothers
  5 ironbound thunderhulks
  2 orc warlords
  47 very ugly things
  12 green draconians
  11 stone giants
  15 dire elephants
  7 black draconians
  8 vampire knights
  A juggernaut skeleton (Crypt:3)
  9 deep elf demonologists
  Azrael (D:13)
  3 spark wasps
  10 red draconians
  8 deep elf death magi
  11 white draconians
  12 deep elf annihilators
  13 purple draconians
  12 yellow draconians
  11 ettins
  4 eidola
  7 merfolk javelineers
  Snorg (Lair:5)
  9 merfolk impalers
  A green death (Depths:1)
  13 jiangshi
  9 yaktaur captains
  An entropy weaver (shapeshifter) (Abyss:2)
  7 fire dragons
  A rakshasa (Depths:1)
  8 deep elf high priests
  3 entropy weavers
  2 hydras (Lair:5)
  7 ice dragons
  34 vault guards
  2 spriggan air magi (Depths:4)
  A hell beast (Depths:2)
  13 centaur warriors
  A peacekeeper (Vaults:4)
  9 boulder beetles
  A jorogumo (Spider:4)
  2 alligators (Zot:5)
  8 merfolk aquamancers
  4 death knights (Crypt:1)
  10 ironbound frosthearts
  A sphinx skeleton (Depths:1)
  An alligator snapping turtle (Shoals:4)
  4 merfolk avatars
  4 radroaches
  3 satyrs
  25 dancing weapons
  9 two-headed ogres
  A death scarab (Crypt:2)
  A fenstrider witch skeleton (Crypt:3)
  7 deep troll earth magi
  A hell hog (Depths:2)
  3 orc high priests (Orc:2)
  6 death yaks
  5 deep troll shamans
  10 vampire magi
  2 occultists (Depths:4)
  A thrashing horror (Abyss:2)
  2 tengu warriors (Depths:3)
  A quicksilver ooze zombie (Crypt:2)
  3 demonic crawlers
  2 spriggan berserkers
  4 titan zombies (Depths:1)
  12 deep elf knights
  2 sun demons (Depths:4)
  12 hell knights
  3 storm dragon zombies
  5 shadow wraiths
  4 pharaoh ants (Spider:3)
  6 titan skeletons (Crypt:3)
  5 soul eaters
  2 skysharks
  41 skeletal warriors
  10 iron trolls
  3 storm dragon skeletons
  A spark wasp zombie (Crypt:1)
  15 sea snakes
  5 golden dragon zombies
  An anaconda zombie (Crypt:2)
  50 deep trolls
  2 large abominations (Abyss:2)
  7 arcanists
  A bog body (Crypt:3)
  A quicksilver dragon simulacrum (Depths:2)
  9 orc knights
  7 orb spiders
  6 flayed ghosts
  3 tengu zombies
  18 ironbound convokers
  2 anaconda skeletons (Crypt:3)
  26 deep elf zephyrmancers
  19 phantasmal warriors
  11 necromancers
  29 harpies
  9 steelbarb worms
  7 starcursed masses (Abyss:2)
  15 deep elf archers
  25 wolf spiders
  An iron dragon zombie (Crypt:3)
  25 deep elf pyromancers
  A goliath frog skeleton (Crypt:2)
  8 lindwurms
  3 stone giant zombies
  A worldbinder (Abyss:2)
  5 frost giant zombies (Depths:1)
  35 ugly things
  13 fauns
  5 fire giant zombies
  A will-o-the-wisp (Abyss:2)
  A stone giant skeleton (Crypt:3)
  A cyclops (shapeshifter) (Vaults:5)
  8 elephants
  13 manticores
  5 orc sorcerers
  2 black mambas
  15 meliai
  11 cyclopes
  A fire giant skeleton (Crypt:3)
  7 centaur zombies (D:13)
  23 moths of wrath
  3 water nymphs (Shoals:4)
  9 merfolk sirens
  18 vault sentinels
  An apocalypse crab (Abyss:2)
  An orange demon (Abyss:2)
  10 cane toads
  2 smoke demons
  An ice statue (IceCv)
  5 torpor snails
  10 komodo dragons
  5 rime drakes
  3 kobold demonologists
  An unseen horror zombie (Crypt:3)
  Jeremiah (D:7)
  12 ice devils (IceCv)
  A komodo dragon (shapeshifter) (D:15)
  2 centaur skeletons (Crypt:3)
  5 tengu conjurers
  19 yaktaurs
  An anaconda simulacrum (IceCv)
  An unseen horror (Abyss:2)
  8 freezing wraiths
  An iron troll zombie (Crypt:2)
  Psyche (D:12)
  27 merfolk
  A black draconian skeleton (Crypt:1)
  10 wind drakes
  2 polar bears
  An ancient zyme (Abyss:2)
  A sea snake skeleton (Crypt:2)
  3 hornets
  9 trolls
  17 blink frogs
  A sun moth zombie (Crypt:1)
  4 raiju (Abyss:2)
  6 snapping turtles
  A jumping spider zombie (Crypt:1)
  A harpy skeleton (Crypt:3)
  A culicivora zombie (Crypt:3)
  An ettin zombie (Depths:1)
  2 meliai zombies (D:13)
  28 tarantellas
  13 dream sheep
  3 spriggan zombies (Depths:1)
  29 jumping spiders
  A ynoxinul (Abyss:2)
  Sigmund (D:2)
  20 culicivoras
  2 air elementals
  A spriggan (Depths:4)
  3 shadows
  24 water elementals
  6 vampires
  16 wraiths
  12 wyverns
  2 basilisks
  3 fire elementals
  35 yaks
  A warg (Orc:1)
  7 humans (D:13)
  3 fire bats
  A steam dragon (Lair:1)
  42 redbacks
  4 vampire mosquitoes (D:12)
  2 deep troll zombies
  2 chaos spawn (Abyss:2)
  4 death yak simulacra (IceCv)
  Edmund (D:5)
  A harpy simulacrum (IceCv)
  An acid dragon (D:12)
  A demonspawn zombie (Crypt:3)
  4 hydra simulacra (IceCv)
  A deep troll skeleton (WizLab)
  Duvessa (D:5)
  9 water moccasins
  3 hell hounds
  An ogre skeleton (Vaults:4)
  31 orc warriors
  2 ice beasts
  A black bear (D:6)
  A naga skeleton (Crypt:3)
  A sky beast (D:10)
  9 ogres
  14 laughing skulls
  7 wolves
  A blink frog skeleton (Crypt:2)
  A snapping turtle skeleton (Crypt:3)
  A centaur (D:8)
  A lindwurm skeleton (Crypt:3)
  A phantom (D:5)
  4 human zombies
  2 kobold brigands (D:11)
  An elf zombie (Crypt:3)
  2 weeping skulls (Abyss:2)
  A hog skeleton (Crypt:1)
  10 bullfrogs
  A cyclops zombie (WizLab)
  4 earth elementals
  A gnoll sergeant (D:10)
  6 scorpions
  4 cane toad simulacra (IceCv)
  24 wights
  Dowan (D:5)
  6 killer bees (D:7)
  3 elephant simulacra (IceCv)
  8 howler monkeys
  An electric eel (Spider:1)
  A wolf zombie (Crypt:1)
  3 hounds (D:5)
  23 orc priests
  A bullfrog skeleton (Crypt:1)
  A gnoll bouda (D:8)
  4 human skeletons (Crypt:1)
  A cyclops simulacrum (WizLab)
  A sleepcap (D:5)
  2 iguanas (D:6)
  Ijyb (D:5)
  2 boggart zombies
  21 orc wizards
  5 polar bear simulacra (IceCv)
  2 spriggan simulacra
  3 troll simulacra (IceCv)
  4 wolf simulacra (IceCv)
  A sky beast zombie (Crypt:2)
  6 mummies
  10 gnolls
  11 adders
  3 shadow imps
  3 white imps (D:8)
  5 ufetubi
  A lava snake skeleton (Crypt:1)
  A ribbon worm (D:11)
  3 dart slugs
  72 orcs
  3 giant cockroaches
  5 goblins
  7 hobgoblins
  4 jackals
  3 quokkas
  2 ball pythons
  5 bats
  9 kobolds
  6 rats
  An aspiring flesh (Zot:1)
  8 tentacles
2221 creatures vanquished.

Vanquished Creatures (collateral kills)
  A very ugly thing (Depths:3)
  The ghost of Uqorphet the Eclecticist, a journeyman DECj of Vehumet (D:14)
  Josephine (D:13)
  A fire dragon (D:15)
  Fannar (D:11)
  An emperor scorpion zombie (Crypt:3)
  An orb spider (Spider:1)
  A blink frog (Lair:5)
  A jumping spider (Spider:1)
  A fire elemental (D:13)
10 creatures vanquished.

Vanquished Creatures (others)
  A sphinx (Vaults:4)
  A draconian knight (Zot:1)
  A draconian annihilator (Zot:4)
  A stone giant (Vaults:5)
  An ettin (D:14)
  3 great orbs of eyes
  A yaktaur captain (Vaults:1)
  A centaur warrior (D:15)
  An anaconda (shapeshifter) (Vaults:4)
  A two-headed ogre (shapeshifter) (Vaults:5)
  A vampire mage (Crypt:1)
  2 death yaks (Lair:5)
  4 glowing orange brains
  A deep elf knight (Elf:2)
  3 skeletal warriors (Crypt:2)
  A necromancer (Vaults:4)
  2 deep elf pyromancers
  A steelbarb worm (shapeshifter) (Vaults:5)
  A deep elf zephyrmancer (Elf:1)
  A wolf spider (Spider:3)
  A manticore (Shoals:1)
  2 orc sorcerers
  A shining eye (shapeshifter) (Vaults:5)
  A moth of wrath (shapeshifter) (Vaults:5)
  A moth of wrath (Zot:3)
  A centaur zombie (D:13)
  A water nymph (Shoals:3)
  A merfolk siren (Shoals:2)
  A cane toad (Lair:5)
  A rime drake (Lair:3)
  A hornet (Lair:5)
  A glass eye (Depths:1)
  A dream sheep (shapeshifter) (Vaults:5)
  2 dream sheep
  13 slime creatures
  A blink frog (Lair:5)
  A snapping turtle (shapeshifter) (Depths:4)
  A shadow (D:12)
  A golden eye (Abyss:2)
  A redback (shapeshifter) (Depths:4)
  A water moccasin (Lair:5)
  An orc warrior (Orc:2)
  An ogre (Orc:2)
  3 centaurs
  A scorpion (D:7)
  A wight (Crypt:3)
  2 bombardier beetles
  A hound (D:4)
  3 orc priests
  329 jellies
  A sleepcap (D:7)
  An orc wizard (Orc:2)
  2 gnolls (D:4)
  3 adders
  An ufetubus (IceCv)
  5 orcs
  An endoplasm (D:3)
  2 giant cockroaches (D:3)
  5 goblins
  4 hobgoblins
  4 kobolds
  2 quokkas
  2 ball pythons (D:3)
  A bat (D:3)
  4 rats
  2 foxfires (Abyss:2)
  9 tentacles
455 creatures vanquished.

Grand Total: 2686 creatures vanquished

Notes
Turn   | Place    | Note
-------+----------+-------------------------------------------
     0 | D:1      | dertzug the Troll Fighter began the quest for the Orb.
     0 | D:1      | Reached XP level 1. HP: 22/22 MP: 0/0
   100 | D:1      | Found a faded altar of an unknown god.
   103 | D:1      | Prayed at the altar of an unknown god.
   103 | D:1      | Became a worshipper of Jiyva Jiunary the Shapeless
   103 | D:1      | Reached * piety under Jiyva
   270 | D:1      | Reached XP level 2. HP: 29/29 MP: 1/1
   646 | D:2      | Reached ** piety under Jiyva
   857 | D:2      | Reached XP level 3. HP: 36/36 MP: 2/2
  1008 | D:2      | Noticed Sigmund
  1015 | D:2      | Killed Sigmund
  1016 | D:2      | Reached skill level 3 in Unarmed Combat
  1016 | D:2      | Reached XP level 4. HP: 40/45 MP: 3/3
  1016 | D:2      | Reached XP level 5. HP: 48/53 MP: 4/4
  1652 | D:3      | Reached *** piety under Jiyva
  1652 | D:3      | Gained mutation: You have a somewhat thin skeletal
                  | structure. (Dex +2, Stealth+) [Jiyva's grace]
  1652 | D:3      | Gained mutation: You have a moderately thin skeletal
                  | structure. (Dex +4, Stealth++) [Jiyva's grace]
  1652 | D:3      | Gained mutation: You have an unnaturally thin skeletal
                  | structure. (Dex +6, Stealth+++) [Jiyva's grace]
  1652 | D:3      | Gained mutation: Your rubbery body absorbs attacks. (AC +1,
                  | EV +1) [Jiyva's grace]
  1960 | D:3      | Reached XP level 6. HP: 37/61 MP: 5/5
  2362 | D:5      | Entered Level 5 of the Dungeon
  2369 | D:5      | Noticed Edmund
  2378 | D:5      | Killed Edmund
  2379 | D:5      | Reached skill level 4 in Unarmed Combat
  2390 | D:5      | Noticed an ice beast
  2396 | D:5      | Killed an ice beast
  2397 | D:5      | Reached XP level 7. HP: 58/67 MP: 6/6
  2403 | D:5      | Noticed Duvessa
  2403 | D:5      | Noticed Dowan
  2421 | D:5      | Killed Duvessa
  2428 | D:5      | Killed Dowan
  2429 | D:5      | Reached skill level 5 in Unarmed Combat
  2444 | D:5      | Found a staircase to the Ecumenical Temple.
  2560 | D:5      | Reached skill level 5 in Dodging
  2560 | D:5      | Reached XP level 8. HP: 78/78 MP: 7/7
  2668 | D:5      | Noticed Ijyb
  2670 | D:5      | Reached **** piety under Jiyva
  2684 | D:5      | Killed Ijyb
  2730 | D:5      | Reached skill level 6 in Unarmed Combat
  3233 | D:6      | Reached skill level 5 in Shields
  3250 | D:6      | Reached skill level 7 in Unarmed Combat
  3478 | D:6      | Found a runed translucent door.
  3486 | D:6      | Found a runed translucent door.
  3571 | D:6      | Reached ***** piety under Jiyva
  3627 | D:7      | Lost mutation: You have an unnaturally thin skeletal
                  | structure. (Dex +6, Stealth+++) [Jiyva's grace]
  3627 | D:7      | Gained mutation: Your mind is acute. (Int +4, Str/Dex -1)
                  | [Jiyva's grace]
  3627 | D:7      | Gained mutation: Your mind is very acute. (Int +8, Str/Dex
                  | -2) [Jiyva's grace]
  3627 | D:7      | Gained mutation: Your pliable body absorbs attacks. (AC +2,
                  | EV +2) [Jiyva's grace]
  3627 | D:7      | Gained mutation: Your gelatinous body deflects attacks. (AC
                  | +3, EV +3) [Jiyva's grace]
  3645 | D:7      | Reached XP level 9. HP: 80/85 MP: 8/8
  3798 | D:7      | Found an ornate altar of the Wu Jian Council.
  4121 | D:7      | Noticed Jeremiah
  4170 | D:7      | Killed Jeremiah
  4171 | D:7      | Reached skill level 5 in Fighting
  4282 | D:7      | Found a white marble altar of Elyvilon.
  4335 | D:7      | Found Zustricre's Assorted Antiques.
  4512 | D:8      | Reached skill level 8 in Unarmed Combat
  4606 | D:8      | Found Lykhe's Distillery.
  4903 | D:8      | Found a staircase to the Lair.
  4904 | D:8      | Noticed a komodo dragon
  4918 | D:8      | Killed a komodo dragon
  4935 | D:8      | Reached XP level 10. HP: 96/96 MP: 9/9
  4992 | D:8      | Found an iron altar of Okawaru.
  5002 | D:8      | Reached skill level 9 in Unarmed Combat
  5046 | D:9      | Noticed a two-headed ogre
  5055 | D:9      | Killed a two-headed ogre
  5211 | D:9      | Noticed a two-headed ogre
  5230 | D:9      | Killed a two-headed ogre
  5303 | D:9      | Paralysed by a hornet for 1 turns
  5317 | D:9      | Reached skill level 10 in Unarmed Combat
  5765 | D:10     | Entered Level 10 of the Dungeon
  5862 | D:10     | Found a staircase to the Orcish Mines.
  5877 | D:10     | Lost mutation: Your mind is very acute. (Int +8, Str/Dex
                  | -2) [Jiyva's grace]
  5877 | D:10     | Lost mutation: Your mind is acute. (Int +4, Str/Dex -1)
                  | [Jiyva's grace]
  5877 | D:10     | Lost mutation: Your gelatinous body deflects attacks. (AC
                  | +3, EV +3) [Jiyva's grace]
  5877 | D:10     | Gained mutation: Armour fits poorly on your pseudopods.
                  | [Jiyva's grace]
  5877 | D:10     | Gained mutation: Armour fits poorly on your large
                  | pseudopods. [Jiyva's grace]
  5877 | D:10     | Gained mutation: Armour fits poorly on your massive
                  | pseudopods. [Jiyva's grace]
  5877 | D:10     | Gained mutation: You have a pair of small antennae on your
                  | head. [Jiyva's grace]
  5881 | D:10     | Found a radiant altar of Vehumet.
  5895 | D:10     | Identified the +9 flail of Calamity {pain, rC++ Dex-5}
  5996 | D:10     | Found a shimmering altar of Xom.
  6499 | D:10     | Reached XP level 11. HP: 106/107 MP: 10/10
  6600 | D:10     | Found a bloodstained altar of Trog.
  6633 | D:11     | Found Otymi's Jewellery Shoppe.
  6656 | D:11     | Noticed a two-headed ogre
  6666 | D:11     | Killed a two-headed ogre
  6730 | D:11     | Reached skill level 11 in Unarmed Combat
  6832 | D:11     | Found a snail-covered altar of Cheibriados.
  6866 | D:11     | Reached ****** piety under Jiyva
  7129 | D:11     | Noticed Fannar
  7244 | D:11     | Noticed Erolcha
  7248 | D:11     | Slimified Erolcha
  7248 | D:11     | Erolcha changed into Erolcha the slime creature
  7248 | D:11     | Noticed Erolcha
  7424 | D:11     | Killed Fannar
  7682 | D:12     | Lost mutation: Armour fits poorly on your massive
                  | pseudopods. [Jiyva's grace]
  7682 | D:12     | Gained mutation: Your translucent skin slightly reduces
                  | your foes' accuracy. (Stealth+) [Jiyva's grace]
  7682 | D:12     | Gained mutation: Your translucent skin reduces your foes'
                  | accuracy. (Stealth+) [Jiyva's grace]
  7682 | D:12     | Gained mutation: Your transparent skin significantly
                  | reduces your foes' accuracy. (Stealth+) [Jiyva's grace]
  7682 | D:12     | Gained mutation: You have a small jelly attached to you
                  | that senses nearby items. [Jiyva's grace]
  7899 | D:12     | Noticed a two-headed ogre
  7900 | D:12     | Noticed a red ugly thing
  7902 | D:12     | Killed a two-headed ogre
  7903 | D:12     | Reached skill level 12 in Unarmed Combat
  7906 | D:12     | Killed a red ugly thing
  7908 | D:12     | Noticed Psyche
  7912 | D:12     | Killed Psyche
  7985 | D:12     | Noticed a two-headed ogre
  7990 | D:12     | Killed a two-headed ogre
  8243 | D:12     | Reached XP level 12. HP: 118/118 MP: 11/11
  8364 | D:13     | Noticed a two-headed ogre
  8382 | D:13     | Noticed a centaur warrior
  8390 | D:13     | Killed a centaur warrior
  8398 | D:13     | Noticed a centaur warrior
  8429 | D:13     | Killed a centaur warrior
  8448 | D:13     | Noticed a two-headed ogre
  8475 | D:13     | Killed a two-headed ogre
  8488 | D:13     | Reached skill level 10 in Dodging
  8495 | D:13     | Reached skill level 13 in Unarmed Combat
  8800 | D:13     | Noticed a boulder beetle
  8818 | D:13     | Killed a boulder beetle
  8835 | D:13     | Reached skill level 1 in Evocations
  8841 | D:13     | Noticed Azrael
  8846 | D:13     | Killed Azrael
  8876 | D:13     | Noticed Josephine
  8903 | D:13     | Killed Josephine
  8904 | D:13     | Reached XP level 13. HP: 42/112 MP: 12/12
  9090 | D:13     | Reached skill level 14 in Unarmed Combat
  9282 | D:13     | Found a gate to the Vaults.
  9313 | D:13     | Identified the +6 broad axe of Governance {freeze, Int+3}
  9662 | D:14     | Lost mutation: You have a moderately thin skeletal
                  | structure. (Dex +4, Stealth++) [Jiyva's grace]
  9662 | D:14     | Lost mutation: Armour fits poorly on your large pseudopods.
                  | [Jiyva's grace]
  9662 | D:14     | Gained mutation: You have sharp toenails. [Jiyva's grace]
  9662 | D:14     | Gained mutation: You have razor-sharp toenails. [Jiyva's
                  | grace]
  9662 | D:14     | Gained mutation: You have claws for feet. [Jiyva's grace]
  9662 | D:14     | Gained mutation: Armour fits poorly on your large
                  | pseudopods. [Jiyva's grace]
  9721 | D:14     | Found a runed translucent door.
  9722 | D:14     | Noticed Uqorphet's ghost (journeyman DECj)
  9722 | D:14     | Noticed an ettin
  9752 | D:14     | Found a portal to a secret trove of treasure.
 10463 | D:14     | Killed Uqorphet's ghost
 10468 | D:14     | Killed an ettin
 10531 | D:15     | Entered Level 15 of the Dungeon
 10570 | D:15     | Reached skill level 15 in Unarmed Combat
 10684 | D:15     | Lost mutation: You have a pair of small antennae on your
                  | head. [Jiyva's grace]
 10684 | D:15     | Lost mutation: Your transparent skin significantly reduces
                  | your foes' accuracy. (Stealth+) [Jiyva's grace]
 10684 | D:15     | Lost mutation: Your translucent skin reduces your foes'
                  | accuracy. (Stealth+) [Jiyva's grace]
 10684 | D:15     | Lost mutation: You have a small jelly attached to you that
                  | senses nearby items. [Jiyva's grace]
 10684 | D:15     | Gained mutation: You expend magic power (3 MP) to
                  | strengthen your wands. [Jiyva's grace]
 10684 | D:15     | Gained mutation: You are partially covered in iridescent
                  | scales. (AC +2) [Jiyva's grace]
 10684 | D:15     | Gained mutation: You are mostly covered in iridescent
                  | scales. (AC +4) [Jiyva's grace]
 10684 | D:15     | Gained mutation: You are completely covered in iridescent
                  | scales. (AC +6) [Jiyva's grace]
 10702 | D:15     | Found a corrupted altar of Lugonu.
 10781 | D:15     | Found a broken altar of Ashenzari.
 10825 | D:15     | Noticed a fire dragon
 10836 | D:15     | Killed a fire dragon
 10861 | D:15     | Found a staircase to the Depths.
 11195 | Lair:1   | Entered Level 1 of the Lair of Beasts
 11443 | Lair:1   | Found a transporter.
 11443 | Lair:1   | Found a transporter.
 11450 | Lair:1   | Noticed topfpfpflanze's ghost (journeyman OpCj)
 11537 | Lair:1   | Reached XP level 14. HP: 137/140 MP: 13/13
 12291 | Lair:2   | Lost mutation: You have claws for feet. [Jiyva's grace]
 12291 | Lair:2   | Lost mutation: You have razor-sharp toenails. [Jiyva's
                  | grace]
 12291 | Lair:2   | Lost mutation: Your pliable body absorbs attacks. (AC +2,
                  | EV +2) [Jiyva's grace]
 12291 | Lair:2   | Lost mutation: You expend magic power (3 MP) to strengthen
                  | your wands. [Jiyva's grace]
 12291 | Lair:2   | Gained mutation: You have acidic saliva. [Jiyva's grace]
 12291 | Lair:2   | Gained mutation: You have hidden genetic potential.
                  | [Jiyva's grace]
 12291 | Lair:2   | Gained mutation: You have great hidden genetic potential.
                  | [Jiyva's grace]
 12291 | Lair:2   | Gained mutation: You are strong-willed. (Will+) [Jiyva's
                  | grace]
 13042 | Lair:3   | Reached skill level 16 in Unarmed Combat
 13051 | Lair:3   | Found a hole to the Spider Nest.
 13270 | Lair:3   | a six-headed hydra changed into an azure jelly
 13270 | Lair:3   | Noticed an azure jelly
 13349 | Lair:3   | Lost mutation: You are completely covered in iridescent
                  | scales. (AC +6) [Jiyva's grace]
 13349 | Lair:3   | Lost mutation: You have great hidden genetic potential.
                  | [Jiyva's grace]
 13349 | Lair:3   | Gained mutation: Your movements are slightly less
                  | encumbered by armour. (ER -2) [Jiyva's grace]
 13349 | Lair:3   | Gained mutation: Your movements are less encumbered by
                  | armour. (ER -4) [Jiyva's grace]
 13349 | Lair:3   | Gained mutation: Your movements are significantly less
                  | encumbered by armour. (ER -6) [Jiyva's grace]
 13349 | Lair:3   | Gained mutation: Your melee attacks may engulf your foes in
                  | ooze. [Jiyva's grace]
 13377 | Lair:3   | Found a staircase to the Shoals.
 13960 | Lair:4   | Found a staircase to the Slime Pits.
 13960 | Lair:4   | Found a viscous altar of Jiyva.
 14052 | Slime:1  | Entered Level 1 of the Pits of Slime
 14055 | Slime:1  | Noticed an azure jelly
 14073 | Slime:1  | Noticed a rockslime
 14077 | Slime:1  | Noticed an acid blob
 14079 | Slime:1  | Noticed an acid blob
 14097 | Slime:1  | Noticed an acid blob
 14132 | Slime:1  | Noticed a quicksilver ooze
 14191 | Slime:1  | Noticed an acid blob
 14225 | Slime:2  | Noticed an azure jelly
 14273 | Slime:2  | Noticed a rockslime
 14302 | Slime:3  | Noticed a rockslime
 14305 | Slime:3  | Noticed a rockslime
 14314 | Slime:3  | Noticed a rockslime
 14336 | Slime:3  | Noticed a quicksilver ooze
 14369 | Slime:3  | Noticed an azure jelly
 14452 | Slime:3  | Noticed an acid blob
 14453 | Slime:3  | Noticed an acid blob
 14516 | Slime:4  | Noticed a formless jellyfish
 14516 | Slime:4  | Noticed a formless jellyfish
 14516 | Slime:4  | Noticed a formless jellyfish
 14521 | Slime:4  | Noticed an acid blob
 14537 | Slime:4  | Noticed an acid blob
 14609 | Slime:4  | Noticed an acid blob
 14614 | Slime:4  | Noticed a formless jellyfish
 14617 | Slime:4  | Noticed a formless jellyfish
 14743 | Slime:4  | Noticed a rockslime
 14936 | Slime:4  | Noticed an azure jelly
 15086 | Slime:5  | Entered Level 5 of the Pits of Slime
 15091 | Slime:5  | Noticed an acid blob
 15092 | Slime:5  | Noticed an acid blob
 15094 | Slime:5  | Noticed an acid blob
 15106 | Slime:5  | Noticed a rockslime
 15107 | Slime:5  | Noticed an acid blob
 15108 | Slime:5  | Noticed a rockslime
 15112 | Slime:5  | Noticed an acid blob
 15112 | Slime:5  | Noticed an acid blob
 15115 | Slime:5  | Noticed a formless jellyfish
 15118 | Slime:5  | Noticed an acid blob
 15121 | Slime:5  | Noticed an acid blob
 15140 | Slime:5  | Found a viscous altar of Jiyva.
 15144 | Slime:5  | Noticed the Royal Jelly
 15156 | Slime:5  | Identified the +7 arbalest of Linearity {speed, Will+ Dex+2
                  | SInv}
 15167 | Slime:5  | Got a slimy rune of Zot
 15168 | Slime:5  | Identified the ring of Secrets {Wiz rF++ rN+ Dex-3}
 15175 | Slime:5  | Identified the ring "Coideyki" {*Corrode rF+ Int+4 Dex+6
                  | Stlth+}
 15184 | Slime:5  | Identified the +8 trident of Ygeoxomuck {spect, rC+ Will++
                  | rCorr MP-9}
 15188 | Slime:5  | Got the Vellum of Inhalation
 15219 | Slime:5  | Noticed a rockslime
 15228 | Slime:5  | Noticed a rockslime
 15320 | Slime:5  | Noticed a quicksilver ooze
 15320 | Slime:5  | Noticed a quicksilver ooze
 15328 | Slime:5  | Noticed an acid blob
 15332 | Slime:5  | Noticed a rockslime
 15357 | Slime:5  | Noticed a rockslime
 15366 | Slime:5  | Noticed an acid blob
 15390 | Slime:5  | Noticed an azure jelly
 15396 | Slime:5  | Noticed an acid blob
 15701 | Lair:4   | Identified the +0 cloak "Heboroz" {Str+4 Dex+2}
 16144 | Lair:5   | Entered Level 5 of the Lair of Beasts
 16194 | Lair:5   | a seven-headed hydra changed into an azure jelly
 16194 | Lair:5   | Noticed an azure jelly
 16223 | Lair:5   | an eight-headed hydra changed into an azure jelly
 16223 | Lair:5   | Noticed an azure jelly
 16266 | Lair:5   | Reached skill level 10 in Shields
 16623 | Lair:5   | Lost mutation: You are strong-willed. (Will+) [Jiyva's
                  | grace]
 16623 | Lair:5   | Lost mutation: You have acidic saliva. [Jiyva's grace]
 16623 | Lair:5   | Lost mutation: Armour fits poorly on your large pseudopods.
                  | [Jiyva's grace]
 16623 | Lair:5   | Lost mutation: Your movements are significantly less
                  | encumbered by armour. (ER -6) [Jiyva's grace]
 16623 | Lair:5   | Gained mutation: You have a small jelly attached to you
                  | that may absorb projectiles. [Jiyva's grace]
 16623 | Lair:5   | Gained mutation: You are covered in slimy tendrils that may
                  | disarm your opponents. [Jiyva's grace]
 16623 | Lair:5   | Gained mutation: You expend magic power (3 MP) to
                  | strengthen your wands. [Jiyva's grace]
 16623 | Lair:5   | Gained mutation: You are completely covered in iridescent
                  | scales. (AC +6) [Jiyva's grace]
 16657 | Lair:5   | Noticed Snorg
 16667 | Lair:5   | Killed Snorg
 16672 | Lair:5   | Reached skill level 10 in Fighting
 16747 | Lair:5   | Identified the +7 mace "Meugann" {flame, Dex+2}
 16888 | Lair:5   | Reached XP level 15. HP: 149/149 MP: 14/14
 16925 | Lair:5   | Found a shadowy altar of Dithmenos.
 17207 | Orc:1    | Entered Level 1 of the Orcish Mines
 17207 | Orc:1    | Found Jeofrof's Self-Improvement Boutique.
 17232 | Orc:1    | Reached skill level 17 in Unarmed Combat
 17357 | Orc:2    | Entered Level 2 of the Orcish Mines
 17366 | Orc:2    | Found Pyperi's Magic Scroll Emporium.
 17367 | Orc:2    | Found a staircase to the Elven Halls.
 17385 | Orc:2    | Found a frozen archway.
 17400 | IceCv    | Entered an ice cave
 17862 | IceCv    | Identified the ring "Nuamushu" {rC- rN+ Str+3 Dex+2 Slay+5}
 18010 | IceCv    | Gained mutation: You have a pair of small horns on your
                  | head. [hidden potential]
 18025 | IceCv    | Found an ancient bone altar of Kikubaaqudgha.
 18303 | Orc:2    | Lost mutation: You have sharp toenails. [Jiyva's grace]
 18303 | Orc:2    | Lost mutation: You are completely covered in iridescent
                  | scales. (AC +6) [Jiyva's grace]
 18303 | Orc:2    | Lost mutation: Armour fits poorly on your pseudopods.
                  | [Jiyva's grace]
 18303 | Orc:2    | Lost mutation: Your translucent skin slightly reduces your
                  | foes' accuracy. (Stealth+) [Jiyva's grace]
 18303 | Orc:2    | Lost mutation: You are covered in slimy tendrils that may
                  | disarm your opponents. [Jiyva's grace]
 18303 | Orc:2    | Lost mutation: You expend magic power (3 MP) to strengthen
                  | your wands. [Jiyva's grace]
 18303 | Orc:2    | Lost mutation: Your movements are less encumbered by
                  | armour. (ER -4) [Jiyva's grace]
 18303 | Orc:2    | Lost mutation: Your melee attacks may engulf your foes in
                  | ooze. [Jiyva's grace]
 18303 | Orc:2    | Gained mutation: You have acidic saliva. [Jiyva's grace]
 18303 | Orc:2    | Gained mutation: Your pliable body absorbs attacks. (AC +2,
                  | EV +2) [Jiyva's grace]
 18303 | Orc:2    | Gained mutation: Your gelatinous body deflects attacks. (AC
                  | +3, EV +3) [Jiyva's grace]
 18303 | Orc:2    | Gained mutation: Your muscles are strong. (Str +4, Int/Dex
                  | -1) [Jiyva's grace]
 18796 | Orc:2    | Found Banel's General Store.
 18797 | Orc:2    | Found Elyo's Jewellery Boutique.
 18799 | Orc:2    | Found Weicsob's Antique Armour Shop.
 18799 | Orc:2    | Found Tybuce Houhi's Antique Weapon Shop.
 19258 | Orc:1    | Noticed Jorgrun
 19266 | Orc:2    | Killed Jorgrun
 19321 | Orc:1    | You fall into a shaft and drop 1 floor!
 19642 | Orc:2    | Bought a scroll of identify for 34 gold pieces
 19642 | Orc:2    | Bought a scroll of identify for 34 gold pieces
 19642 | Orc:2    | Bought a scroll of identify for 34 gold pieces
 19645 | Orc:2    | Bought a scroll of acquirement for 884 gold pieces
 19645 | Orc:2    | Acquired 1093 gold pieces
 19770 | Spider:1 | Entered Level 1 of the Spider Nest
 20028 | Spider:1 | Noticed Agnes
 20042 | Spider:1 | Killed Agnes
 20315 | Spider:1 | Reached skill level 18 in Unarmed Combat
 20739 | Spider:2 | Reached XP level 16. HP: 135/161 MP: 15/15
 20752 | Spider:2 | Acquired 925 gold pieces
 20846 | Spider:2 | Lost mutation: You are mostly covered in iridescent scales.
                  | (AC +4) [Jiyva's grace]
 20846 | Spider:2 | Lost mutation: You are partially covered in iridescent
                  | scales. (AC +2) [Jiyva's grace]
 20846 | Spider:2 | Lost mutation: You have a small jelly attached to you that
                  | may absorb projectiles. [Jiyva's grace]
 20846 | Spider:2 | Gained mutation: You are covered in thick fur. (AC +2)
                  | [Jiyva's grace]
 20846 | Spider:2 | Gained mutation: Your thick and shaggy fur keeps you warm.
                  | (AC +3, rC+) [Jiyva's grace]
 20846 | Spider:2 | Gained mutation: Your muscles are very strong. (Str +8,
                  | Int/Dex -2) [Jiyva's grace]
 20846 | Spider:2 | Gained mutation: Your flesh is cold resistant. (rC+)
                  | [Jiyva's grace]
 21452 | Spider:2 | Gained mutation: You are robust. (+10% HP) [hidden
                  | potential]
 21452 | Spider:2 | Lost mutation: You have hidden genetic potential. [hidden
                  | potential expressed]
 22085 | Spider:3 | Identified the +5 quarterstaff "Wuwoqeig" {elec, rC+ rCorr
                  | Dex-4}
 22935 | Spider:4 | Entered Level 4 of the Spider Nest
 23283 | Spider:4 | Lost mutation: You have a pair of small horns on your head.
                  | [Jiyva's grace]
 23283 | Spider:4 | Lost mutation: Your gelatinous body deflects attacks. (AC
                  | +3, EV +3) [Jiyva's grace]
 23283 | Spider:4 | Lost mutation: Your movements are slightly less encumbered
                  | by armour. (ER -2) [Jiyva's grace]
 23283 | Spider:4 | Gained mutation: You are somewhat resistant to further
                  | mutation. [Jiyva's grace]
 23283 | Spider:4 | Gained mutation: You are somewhat resistant to both further
                  | mutation and mutation removal. [Jiyva's grace]
 23283 | Spider:4 | Gained mutation: You are almost entirely resistant to
                  | further mutation and mutation removal. [Jiyva's grace]
 23283 | Spider:4 | Gained mutation: A frigid envelope surrounds you and
                  | freezes all who hurt you. [Jiyva's grace]
 23699 | Spider:4 | Reached skill level 19 in Unarmed Combat
 23946 | Spider:4 | Got a gossamer rune of Zot
 24184 | Shoals:1 | Entered Level 1 of the Shoals
 24185 | Shoals:1 | Noticed Roxanne
 24186 | Shoals:1 | Found Koguoxeh's Antique Weapon Shop.
 24207 | Shoals:1 | Killed Roxanne
 24207 | Shoals:1 | Noticed a kraken
 24249 | Shoals:1 | Reached XP level 17. HP: 188/188 MP: 16/16
 24275 | Shoals:1 | Killed a kraken
 24429 | Shoals:1 | Found Cirhuliy's Assorted Antiques.
 24510 | Shoals:1 | Found Vibbesox's Antique Armour Boutique.
 24516 | Shoals:1 | Found Ufih's Magic Scroll Emporium.
 24519 | Shoals:1 | Bought a scroll of teleportation for 45 gold pieces
 24537 | Shoals:1 | Bought a scroll of identify for 30 gold pieces
 24537 | Shoals:1 | Bought a scroll of identify for 30 gold pieces
 24537 | Shoals:1 | Bought a scroll of identify for 30 gold pieces
 24596 | Shoals:1 | You fall into a shaft and drop 1 floor!
 25365 | Shoals:1 | Found Codghoj's Antique Weapon Shop.
 25412 | Shoals:1 | Lost mutation: Your flesh is cold resistant. (rC+) [Jiyva's
                  | grace]
 25412 | Shoals:1 | Lost mutation: You are almost entirely resistant to further
                  | mutation and mutation removal. [Jiyva's grace]
 25412 | Shoals:1 | Gained mutation: You are very robust. (+20% HP) [Jiyva's
                  | grace]
 25412 | Shoals:1 | Gained mutation: You are extremely robust. (+30% HP)
                  | [Jiyva's grace]
 25412 | Shoals:1 | Gained mutation: You are partially covered in iridescent
                  | scales. (AC +2) [Jiyva's grace]
 25412 | Shoals:1 | Gained mutation: You are mostly covered in iridescent
                  | scales. (AC +4) [Jiyva's grace]
 25438 | Shoals:1 | Bought a scroll of identify for 40 gold pieces
 25438 | Shoals:1 | Bought a scroll of teleportation for 60 gold pieces
 25564 | Shoals:1 | Found a transporter.
 25569 | Shoals:1 | Found a transporter.
 25569 | Shoals:1 | Noticed Keherigeeg's ghost (adept FoCK)
 25755 | Shoals:3 | Noticed Ilsuiw
 25958 | Shoals:3 | Killed Ilsuiw
 26136 | Shoals:3 | Reached skill level 15 in Dodging
 26293 | Shoals:3 | Noticed a kraken
 26308 | Shoals:3 | Killed a kraken
 26542 | Shoals:3 | Reached skill level 20 in Unarmed Combat
 26595 | Shoals:4 | Entered Level 4 of the Shoals
 26595 | Shoals:4 | Noticed Bai Suzhen
 26698 | Shoals:4 | Identified the amulet "Kesuet" {Faith Str+3}
 26899 | Shoals:4 | Reached XP level 18. HP: 180/237 MP: 17/17
 27040 | Shoals:4 | Got a barnacled rune of Zot
 27146 | Shoals:4 | Lost mutation: You have a somewhat thin skeletal structure.
                  | (Dex +2, Stealth+) [Jiyva's grace]
 27146 | Shoals:4 | Lost mutation: You are extremely robust. (+30% HP) [Jiyva's
                  | grace]
 27146 | Shoals:4 | Gained mutation: Your mind is acute. (Int +4, Str/Dex -1)
                  | [Jiyva's grace]
 27146 | Shoals:4 | Gained mutation: Your mind is very acute. (Int +8, Str/Dex
                  | -2) [Jiyva's grace]
 27146 | Shoals:4 | Gained mutation: Your gelatinous body deflects attacks. (AC
                  | +3, EV +3) [Jiyva's grace]
 27146 | Shoals:4 | Gained mutation: You expend magic power (3 MP) to
                  | strengthen your wands. [Jiyva's grace]
 27297 | Shoals:4 | Killed Bai Suzhen
 27962 | Elf:1    | Entered Level 1 of the Elven Halls
 28011 | Elf:1    | Paralysed by an air elemental for 1 turns
 28942 | Elf:2    | Reached skill level 21 in Unarmed Combat
 28957 | Elf:2    | Found Dylosuomeogg's Book Shoppe.
 29050 | Elf:2    | Found a runed translucent gate.
 29050 | Elf:2    | Found a runed translucent gate.
 29050 | Elf:2    | Found a runed translucent gate.
 29752 | Elf:3    | Entered Level 3 of the Elven Halls
 29757 | Elf:3    | Lost mutation: Your thick and shaggy fur keeps you warm.
                  | (AC +3, rC+) [Jiyva's grace]
 29757 | Elf:3    | Lost mutation: Your gelatinous body deflects attacks. (AC
                  | +3, EV +3) [Jiyva's grace]
 29757 | Elf:3    | Gained mutation: You are agile. (Dex +4, Str/Int -1)
                  | [Jiyva's grace]
 29757 | Elf:3    | Gained mutation: You are very agile. (Dex +8, Str/Int -2)
                  | [Jiyva's grace]
 29757 | Elf:3    | Gained mutation: You possess an exceptional clarity of
                  | mind. [Jiyva's grace]
 29757 | Elf:3    | Gained mutation: Your melee attacks may engulf your foes in
                  | ooze. [Jiyva's grace]
 30010 | Elf:3    | Paralysed by an air elemental for 1 turns
 30123 | Elf:3    | Reached XP level 19. HP: 231/231 MP: 18/18
 30503 | Elf:3    | Noticed a Tzitzimitl
 30648 | Elf:3    | Identified the +1 robe of Death Resistance {+Inv}
 30779 | Elf:3    | Identified the +1 robe "Fezib" {Will+ rCorr Int+4 Dex-2}
 30842 | Elf:3    | Identified the +3 falchion of Eduli {antimagic, rN+++ rCorr
                  | Stlth+}
 30880 | Elf:3    | Reached skill level 22 in Unarmed Combat
 30948 | Elf:3    | Noticed a Brimstone Fiend
 31130 | Elf:3    | Identified the +7 flail of the Heavens {antimagic, Str+3}
 31130 | Elf:3    | Identified the ring of the Mashing Gods {Fly rElec Int+3}
 31138 | Abyss:2  | Cast into level 2 of the Abyss (a deep elf sorcerer)
 31198 | Abyss:2  | Found a corrupted altar of Lugonu.
 31489 | Elf:3    | Escaped the Abyss
 32062 | Elf:3    | Identified the staff of Drought {^Drain rElec rN+ Will+
                  | Int+3 Air}
 32077 | Elf:3    | Got the Notes on Ashen Injury
 32347 | Vaults:1 | Entered Level 1 of the Vaults
 32606 | Vaults:1 | You fall into a shaft and drop 1 floor!
 33022 | Vaults:2 | Noticed Donald
 33034 | Vaults:2 | Killed Donald
 33064 | Vaults:1 | Identified the serpent talisman of Dishonour {Str+5 Slay+2}
 33064 | Vaults:1 | Noticed Aizul
 33080 | Vaults:2 | Killed Aizul
 33122 | Vaults:2 | Reached XP level 20. HP: 234/246 MP: 19/19
 33487 | Vaults:1 | Reached skill level 23 in Unarmed Combat
 33729 | Vaults:1 | Identified the +11 scimitar of Zin {heavy, Str+3}
 33753 | Vaults:1 | Lost mutation: You are mostly covered in iridescent scales.
                  | (AC +4) [Jiyva's grace]
 33753 | Vaults:1 | Lost mutation: You are very agile. (Dex +8, Str/Int -2)
                  | [Jiyva's grace]
 33753 | Vaults:1 | Lost mutation: You are agile. (Dex +4, Str/Int -1) [Jiyva's
                  | grace]
 33753 | Vaults:1 | Lost mutation: You are somewhat resistant to both further
                  | mutation and mutation removal. [Jiyva's grace]
 33753 | Vaults:1 | Lost mutation: Your muscles are very strong. (Str +8,
                  | Int/Dex -2) [Jiyva's grace]
 33753 | Vaults:1 | Lost mutation: You have acidic saliva. [Jiyva's grace]
 33753 | Vaults:1 | Lost mutation: You expend magic power (3 MP) to strengthen
                  | your wands. [Jiyva's grace]
 33753 | Vaults:1 | Gained mutation: You have a pair of small horns on your
                  | head. [Jiyva's grace]
 33753 | Vaults:1 | Gained mutation: You have a pair of horns on your head.
                  | [Jiyva's grace]
 33753 | Vaults:1 | Gained mutation: You have a pair of large horns on your
                  | head. [Jiyva's grace]
 33753 | Vaults:1 | Gained mutation: Your body has grown eyes which may confuse
                  | attackers. (Acc +3) [Jiyva's grace]
 33934 | Vaults:1 | Reached skill level 15 in Shields
 34086 | Vaults:1 | Identified the +1 leather armour of the Red Skies {Dex+3}
 35261 | Vaults:2 | Found a staircase to the Crypt.
 35953 | Vaults:2 | Found Iruil's Distillery.
 36221 | Vaults:2 | Lost mutation: You have a pair of large horns on your head.
                  | [Jiyva's grace]
 36221 | Vaults:2 | Lost mutation: You have a pair of horns on your head.
                  | [Jiyva's grace]
 36221 | Vaults:2 | Lost mutation: You are somewhat resistant to further
                  | mutation. [Jiyva's grace]
 36221 | Vaults:2 | Lost mutation: You are very robust. (+20% HP) [Jiyva's
                  | grace]
 36221 | Vaults:2 | Lost mutation: Your muscles are strong. (Str +4, Int/Dex
                  | -1) [Jiyva's grace]
 36221 | Vaults:2 | Lost mutation: Your pliable body absorbs attacks. (AC +2,
                  | EV +2) [Jiyva's grace]
 36221 | Vaults:2 | Gained mutation: You are covered in slimy tendrils that may
                  | disarm your opponents. [Jiyva's grace]
 36221 | Vaults:2 | Gained mutation: Your system is resistant to poisons.
                  | (rPois) [Jiyva's grace]
 36221 | Vaults:2 | Gained mutation: Armour fits poorly on your pseudopods.
                  | [Jiyva's grace]
 36221 | Vaults:2 | Gained mutation: Armour fits poorly on your large
                  | pseudopods. [Jiyva's grace]
 37512 | Vaults:4 | Lost mutation: Your mind is very acute. (Int +8, Str/Dex
                  | -2) [Jiyva's grace]
 37512 | Vaults:4 | Lost mutation: Armour fits poorly on your large pseudopods.
                  | [Jiyva's grace]
 37512 | Vaults:4 | Lost mutation: Armour fits poorly on your pseudopods.
                  | [Jiyva's grace]
 37512 | Vaults:4 | Gained mutation: You are partially covered in large bone
                  | plates. (SH +4) [Jiyva's grace]
 37512 | Vaults:4 | Gained mutation: You are mostly covered in large bone
                  | plates. (SH +6) [Jiyva's grace]
 37512 | Vaults:4 | Gained mutation: You are completely covered in large bone
                  | plates. (SH +8) [Jiyva's grace]
 37512 | Vaults:4 | Gained mutation: You are mostly covered in iridescent
                  | scales. (AC +4) [Jiyva's grace]
 37553 | Vaults:4 | Found a magical portal.
 37558 | WizLab   | Entered Zonguldrok's Shrine
 37606 | WizLab   | Reached skill level 24 in Unarmed Combat
 37679 | WizLab   | Reached XP level 21. HP: 203/236 MP: 20/20
 37979 | WizLab   | Noticed an antique champion
 37979 | WizLab   | Noticed an antique champion
 37998 | WizLab   | Slimified an antique champion
 37998 | WizLab   | an antique champion changed into an azure jelly
 38000 | WizLab   | HP: 8/212 [antique champion/the +9 sword of Zonguldrok
                  | {reap} (30)]
 38009 | WizLab   | Slimified an antique champion
 38009 | WizLab   | an antique champion changed into an acid blob
 38079 | WizLab   | Got the Parchment of Spectres
 38088 | WizLab   | Got the Teachings on Gloom
 38231 | Vaults:4 | Acquired 842 gold pieces
 38288 | Vaults:4 | Noticed Jory
 38304 | Vaults:4 | Killed Jory
 39578 | Depths:1 | Entered Level 1 of the Depths
 39646 | Depths:1 | Found a gateway to Hell.
 39765 | Depths:1 | Found a one-way gateway to a ziggurat.
 39901 | Depths:1 | Noticed an ancient lich
 39901 | Depths:1 | Noticed Barug's ghost (adept TrMo)
 39979 | Depths:1 | Reached skill level 15 in Fighting
 40051 | Depths:1 | Found a basalt altar of Yredelemnul.
 40089 | Depths:1 | Reached skill level 25 in Unarmed Combat
 40288 | Depths:1 | Lost mutation: You have a pair of small horns on your head.
                  | [Jiyva's grace]
 40288 | Depths:1 | Lost mutation: You are mostly covered in iridescent scales.
                  | (AC +4) [Jiyva's grace]
 40288 | Depths:1 | Lost mutation: You possess an exceptional clarity of mind.
                  | [Jiyva's grace]
 40288 | Depths:1 | Lost mutation: You are robust. (+10% HP) [Jiyva's grace]
 40288 | Depths:1 | Gained mutation: Your movements are slightly less
                  | encumbered by armour. (ER -2) [Jiyva's grace]
 40288 | Depths:1 | Gained mutation: Your movements are less encumbered by
                  | armour. (ER -4) [Jiyva's grace]
 40288 | Depths:1 | Gained mutation: Your movements are significantly less
                  | encumbered by armour. (ER -6) [Jiyva's grace]
 40288 | Depths:1 | Gained mutation: Your translucent skin slightly reduces
                  | your foes' accuracy. (Stealth+) [Jiyva's grace]
 40344 | Depths:1 | Found a one-way gate leading to the halls of Pandemonium.
 40413 | Depths:1 | Found a runed translucent door.
 40422 | Depths:1 | Found a runed translucent door.
 40579 | Depths:2 | Noticed Gabide's ghost (adept TeMo)
 40586 | Depths:2 | Noticed a juggernaut
 40589 | Depths:2 | Noticed a juggernaut
 40599 | Depths:2 | Found a transporter.
 40608 | Depths:2 | Found a bloodstained altar of Trog.
 40618 | Depths:2 | Found a transporter.
 40872 | Depths:2 | Reached XP level 22. HP: 227/227 MP: 21/21
 40878 | Depths:2 | Noticed an ancient lich
 40881 | Depths:2 | Killed an ancient lich
 40883 | Depths:2 | Found the +6 Majin-Bo {spellvamp, MP+6 Int+6}
 40897 | Depths:2 | Got Progressing With Spellwork
 41057 | Depths:2 | Found a one-way gate to the infinite horrors of the Abyss.
 41750 | Depths:3 | Noticed an ancient lich
 41760 | Depths:3 | Killed an ancient lich
 42105 | Depths:3 | Reached skill level 26 in Unarmed Combat
 42689 | Depths:3 | Lost mutation: You are covered in thick fur. (AC +2)
                  | [Jiyva's grace]
 42689 | Depths:3 | Lost mutation: Your translucent skin slightly reduces your
                  | foes' accuracy. (Stealth+) [Jiyva's grace]
 42689 | Depths:3 | Lost mutation: You are covered in slimy tendrils that may
                  | disarm your opponents. [Jiyva's grace]
 42689 | Depths:3 | Gained mutation: You have an increased reservoir of magic.
                  | (+10% MP) [Jiyva's grace]
 42689 | Depths:3 | Gained mutation: You have a considerably increased
                  | reservoir of magic. (+20% MP) [Jiyva's grace]
 42689 | Depths:3 | Gained mutation: You have a greatly increased reservoir of
                  | magic. (+30% MP) [Jiyva's grace]
 42689 | Depths:3 | Gained mutation: You have a small jelly attached to you
                  | that may absorb projectiles. [Jiyva's grace]
 42810 | Depths:3 | Noticed a juggernaut
 42836 | Depths:3 | Killed a juggernaut
 42959 | Depths:3 | Noticed a caustic shrike
 42963 | Depths:3 | Noticed a caustic shrike
 42967 | Depths:3 | Killed a caustic shrike
 42976 | Depths:3 | Killed a caustic shrike
 43037 | Depths:3 | Found the +3 Mad Mage's Maulers {Infuse+∞ VampMP -Cast}
 43244 | Depths:4 | Entered Level 4 of the Depths
 43281 | Depths:4 | Noticed a golden dragon
 43372 | Depths:4 | Noticed a golden dragon
 43620 | Depths:4 | Reached XP level 23. HP: 217/237 MP: 28/28
 43760 | Depths:4 | Found a gate to the Realm of Zot.
 43830 | Depths:4 | Noticed a juggernaut
 43846 | Depths:4 | Killed a juggernaut
 44739 | D:14     | You paid a toll of +4 fire dragon scales to enter a
                  | treasure trove
 44740 | Trove    | Entered a treasure trove
 44748 | Trove    | Identified the amulet of Rewuyvve {Spirit Rampage Int+3}
 44752 | Trove    | Identified the ring of Emnoch {rN++ MP+9 Int-4}
 44756 | Trove    | Identified the ring "Gofroiwo" {Wiz rC+++}
 44939 | Crypt:1  | Entered Level 1 of the Crypt
 45116 | Crypt:1  | Identified the +3 leather armour of Love and Death {rPois
                  | MP-9 Int+8 SInv}
 45248 | Crypt:1  | Paralysed by a vampire knight for 2 turns
 45256 | Crypt:1  | Reached skill level 27 in Unarmed Combat
 45649 | Crypt:1  | Lost mutation: You are partially covered in iridescent
                  | scales. (AC +2) [Jiyva's grace]
 45649 | Crypt:1  | Lost mutation: Your mind is acute. (Int +4, Str/Dex -1)
                  | [Jiyva's grace]
 45649 | Crypt:1  | Lost mutation: You have a greatly increased reservoir of
                  | magic. (+30% MP) [Jiyva's grace]
 45649 | Crypt:1  | Lost mutation: Your movements are significantly less
                  | encumbered by armour. (ER -6) [Jiyva's grace]
 45649 | Crypt:1  | Gained mutation: Your muscles are strong. (Str +4, Int/Dex
                  | -1) [Jiyva's grace]
 45649 | Crypt:1  | Gained mutation: Your muscles are very strong. (Str +8,
                  | Int/Dex -2) [Jiyva's grace]
 45649 | Crypt:1  | Gained mutation: You have a small jelly attached to you
                  | that senses nearby items. [Jiyva's grace]
 45649 | Crypt:1  | Gained mutation: Your mind is acute. (Int +4, Str/Dex -1)
                  | [Jiyva's grace]
 45931 | Crypt:2  | Noticed Khufu
 45967 | Crypt:2  | Slimified Khufu
 45967 | Crypt:2  | Khufu changed into Khufu the acid blob
 45967 | Crypt:2  | Noticed Khufu
 46085 | Crypt:2  | Found a basalt altar of Yredelemnul.
 46136 | Crypt:2  | Paralysed by a vampire knight for 4 turns
 46818 | Crypt:3  | Entered Level 3 of the Crypt
 47606 | Crypt:3  | Identified the +2 pair of boots of Ignis's Castigation
                  | {Harm Int+5 Stlth-}
 47681 | Crypt:3  | Identified the +5 ring mail of Tulips {Str-4 Int+7 SInv
                  | Stlth+}
 47710 | Crypt:3  | Noticed a curse toe
 47717 | Crypt:3  | Killed a curse toe
 47736 | Crypt:3  | Noticed a dread lich
 47761 | Crypt:3  | Reached XP level 24. HP: 250/250 MP: 26/26
 47818 | Crypt:3  | Killed a dread lich
 48005 | Crypt:3  | Lost mutation: You have a considerably increased reservoir
                  | of magic. (+20% MP) [Jiyva's grace]
 48005 | Crypt:3  | Lost mutation: Your muscles are very strong. (Str +8,
                  | Int/Dex -2) [Jiyva's grace]
 48005 | Crypt:3  | Lost mutation: Your rubbery body absorbs attacks. (AC +1,
                  | EV +1) [Jiyva's grace]
 48005 | Crypt:3  | Lost mutation: Your melee attacks may engulf your foes in
                  | ooze. [Jiyva's grace]
 48005 | Crypt:3  | Gained mutation: Your spells are a little harder to cast,
                  | but a little more powerful. [Jiyva's grace]
 48005 | Crypt:3  | Gained mutation: Your spells are harder to cast, but more
                  | powerful. [Jiyva's grace]
 48005 | Crypt:3  | Gained mutation: Your spells are much harder to cast, but
                  | much more powerful. [Jiyva's grace]
 48005 | Crypt:3  | Gained mutation: You are robust. (+10% HP) [Jiyva's grace]
 48169 | Crypt:3  | Found a staircase to the Tomb.
 48631 | Orc:1    | Bought a manual of Fighting for 1360 gold pieces
 48909 | Vaults:5 | Entered Level 5 of the Vaults
 49701 | Vaults:5 | Identified the +5 long sword of Kutamo {drain, *Corrode
                  | rC+++ Str+3 Dex-5}
 49969 | Vaults:5 | Identified the +4 trident of Moral Flaws {freeze, Str+3}
 49985 | Vaults:5 | Paralysed by a sphinx for 5 turns
 50119 | Vaults:5 | Found Pimuew's Armour Shoppe.
 50127 | Vaults:5 | Bought a +0 cloak of preservation for 207 gold pieces
 50157 | Vaults:5 | Got a silver rune of Zot
 50529 | Vaults:5 | Found Rorukh's Distillery.
 50533 | Vaults:5 | Found Pazxamul's Jewellery Shoppe.
 50539 | Vaults:5 | Bought a potion of resistance for 160 gold pieces
 50539 | Vaults:5 | Bought 2 potions of mutation for 256 gold pieces
 50539 | Vaults:5 | Bought a potion of curing for 48 gold pieces
 50539 | Vaults:5 | Bought a potion of invisibility for 128 gold pieces
 50543 | Vaults:5 | Bought the ring of Toseukk {rF+ Will+ MP+9} for 810 gold
                  | pieces
 50547 | Vaults:5 | Bought the ring of Girghiru {rC+ rN+ Dex+6} for 758 gold
                  | pieces
 51191 | Zot:1    | Entered Level 1 of the Realm of Zot
 51507 | Zot:1    | Reached XP level 25. HP: 273/288 MP: 24/24
 53265 | Zot:3    | Lost mutation: Your system is resistant to poisons. (rPois)
                  | [Jiyva's grace]
 53265 | Zot:3    | Lost mutation: Your spells are much harder to cast, but
                  | much more powerful. [Jiyva's grace]
 53265 | Zot:3    | Lost mutation: Your body has grown eyes which may confuse
                  | attackers. (Acc +3) [Jiyva's grace]
 53265 | Zot:3    | Lost mutation: You have a small jelly attached to you that
                  | senses nearby items. [Jiyva's grace]
 53265 | Zot:3    | Lost mutation: Your movements are less encumbered by
                  | armour. (ER -4) [Jiyva's grace]
 53265 | Zot:3    | Lost mutation: Your movements are slightly less encumbered
                  | by armour. (ER -2) [Jiyva's grace]
 53265 | Zot:3    | Gained mutation: Your mind is very acute. (Int +8, Str/Dex
                  | -2) [Jiyva's grace]
 53265 | Zot:3    | Gained mutation: Your melee attacks may engulf your foes in
                  | ooze. [Jiyva's grace]
 53265 | Zot:3    | Gained mutation: You are partially covered in iridescent
                  | scales. (AC +2) [Jiyva's grace]
 53265 | Zot:3    | Gained mutation: You are mostly covered in iridescent
                  | scales. (AC +4) [Jiyva's grace]
 55591 | Zot:4    | Noticed an orb of fire
 55601 | Zot:4    | Gained mutation: Armour fits poorly on your strangely
                  | shaped body. [an orb of fire]
 55604 | Zot:4    | Lost mutation: Your mind is very acute. (Int +8, Str/Dex
                  | -2) [an orb of fire]
 55605 | Zot:4    | Killed an orb of fire
 55895 | Zot:5    | Entered Level 5 of the Realm of Zot
 55984 | Zot:4    | Reached XP level 26. HP: 162/303 MP: 23/24
 56202 | Zot:5    | Lost mutation: You are mostly covered in iridescent scales.
                  | (AC +4) [Jiyva's grace]
 56202 | Zot:5    | Lost mutation: You are completely covered in large bone
                  | plates. (SH +8) [Jiyva's grace]
 56202 | Zot:5    | Lost mutation: You are mostly covered in large bone plates.
                  | (SH +6) [Jiyva's grace]
 56202 | Zot:5    | Lost mutation: You are partially covered in large bone
                  | plates. (SH +4) [Jiyva's grace]
 56202 | Zot:5    | Lost mutation: You have an increased reservoir of magic.
                  | (+10% MP) [Jiyva's grace]
 56202 | Zot:5    | Lost mutation: A frigid envelope surrounds you and freezes
                  | all who hurt you. [Jiyva's grace]
 56202 | Zot:5    | Gained mutation: You expend magic power (3 MP) to
                  | strengthen your wands. [Jiyva's grace]
 56202 | Zot:5    | Gained mutation: You are somewhat resistant to further
                  | mutation. [Jiyva's grace]
 56202 | Zot:5    | Gained mutation: You are somewhat resistant to both further
                  | mutation and mutation removal. [Jiyva's grace]
 56202 | Zot:5    | Gained mutation: You are almost entirely resistant to
                  | further mutation and mutation removal. [Jiyva's grace]
 56529 | Zot:5    | Noticed an orb of fire
 56540 | Zot:5    | Killed an orb of fire
 56542 | Zot:5    | Noticed an orb of fire
 56549 | Zot:5    | Killed an orb of fire
 56553 | Zot:5    | Noticed an orb of fire
 56562 | Zot:5    | Noticed a dread lich
 56622 | Zot:5    | Killed an orb of fire
 56692 | Zot:5    | Noticed a dread lich
 56697 | Zot:5    | Noticed a dread lich
 56708 | Zot:5    | Killed a dread lich
 56722 | Zot:5    | Killed a dread lich
 56809 | Zot:5    | Noticed an orb of fire
 56832 | Zot:5    | Killed an orb of fire
 56840 | Zot:5    | Noticed an ancient lich
 56849 | Zot:5    | Killed an ancient lich
 57143 | Zot:5    | Noticed a dread lich
 57148 | Zot:5    | Killed a dread lich
 57178 | Zot:5    | Noticed an ancient lich
 57190 | Zot:5    | Killed an ancient lich
 57208 | Zot:5    | Killed a dread lich
 57809 | Zot:5    | Got the Orb of Zot
 58073 | Depths:2 | Noticed Hoocawn the pandemonium lord
 58098 | Depths:2 | Killed Hoocawn the pandemonium lord
 58479 | D:$      | Escaped with the Orb!

Illustrated notes

Levels and vault maps discovered:
D:1:      sevenhm_arrival_forest_fort_small_4, layout_loops_ring,
          hellmonk_ecumenical_altar_inner_sanctum
D:2:      layout_basic, uniq_sigmund
D:3:      layout_loops_cross, minmay_pentangle
D:4:      layout_cave_pools
D:5:      layout_rooms, temple_hall, uniq_edmund, uniq_duvessa, uniq_ijyb
D:6:      lemuel_insect_pit, layout_basic
D:7:      layout_loops_ring, mainiacjoe_overflow_swirl, serial_shops,
          nicolae_shop_behind_doors, minmay_misc_feat_tiny, uniq_jeremiah
D:8:      layout_basic, kennysheep_okawaru_gauntlet, david_lair_shrubbed,
          serial_shops, nicolae_shop_tiny_waterfront, serial_demonic,
          serial_demonic_g, serial_demonic_e, serial_demonic_g, serial_demonic_c
D:9:      layout_long_grid
D:10:     layout_basic, overflow_temple_1_default, regret_index_xom_of_box,
          trog_book, orc_0_dummy
D:11:     layout_gridville, serial_shops, shop, slow_altar_2, uniq_fannar,
          uniq_erolcha
D:12:     layout_gridville, uniq_psyche
D:13:     layout_loops_ring, ximxim_vaults_locker_room, serial_undead,
          serial_undead_d, serial_undead_f, serial_undead_d, serial_undead_f,
          serial_undead_e, serial_undead_a, uniq_josephine, uniq_azrael
D:14:     layout_stronghold, ebering_ghost_inner_flame,
          nicolae_trove_entry_crossroad, hangedman_decor_peaks_small
D:15:     grunt_enter_depths_hoard, layout_rooms, nicolae_ashenzari_skybound,
          tgw_lugonu_bribe
Lair:1:   layout_regular_city, nzn_ghost_randoct
Lair:2:   layout_regular_city, grunt_megastairs_1, infiniplex_staircase_pool_2
Lair:3:   layout_concentric_octagons, elwin_shoals_entry_rooms,
          spider_nest_entry_funnel_web, lemuel_fruit_tree
Lair:4:   layout_loops_ring, slime_entry_1, chequers_serial_rivers_small_a,
          serial_bayou_shore_b
Lair:5:   gammafunk_lair_ancient_temple, layout_regular_city, basic_altar,
          serial_bayou_shore_b, grunt_megastairs_2, uniq_snorg
Shoals:1: layout_shoals, serial_shops, nicolae_lakefront_shop, shop,
          nicolae_shop_peninsula, nicolae_shop_real_fake_doors,
          nicolae_shop_window_shopping, ebering_ghost_davey_jones, uniq_roxanne
Shoals:2: layout_shoals, abandoned_shop
Shoals:3: layout_shoals, uniq_ilsuiw
Shoals:4: shoals_end_simple, layout_shoals, shoal_ilsuiw,
          nicolae_shoals_loop_pool, uniq_bai_suzhen
Spider:1: layout_spider_delve, uniq_agnes
Spider:2: layout_spider_delve
Spider:3: layout_chambers
Spider:4: grunt_spider_rune_parallel, drop_trap, hive_lemuel
Slime:1:  layout_caves
Slime:2:  nicolae_slime_jelly_donut, layout_caves
Slime:3:  layout_caves
Slime:4:  nicolae_slime_infinislime, layout_caves
Slime:5:  slime_pit_nicolae_royal_road_to_ruin
Orc:1:    layout_caves, basic_altar, nicolae_shop_self_help, uniq_jorgrun
Orc:2:    st_orc_congregation, layout_diamond_mine, portal_ice_cave_rime,
          serial_shops, shop
Elf:1:    elf_arrival_001, layout_geoelf_octagon, hangedman_corner_corridor
Elf:2:    elven_hall_of_blades_hangedman_original
          [nicolae_blade_entry_hurt_lockers], layout_rooms, serial_shops,
          nicolae_shop_rolling_square
Elf:3:    minmay_elf_hall_four_x, layout_loops_ring
Vaults:1: st_check, nicolae_vaults_three_branches, vaults_room_semicircle,
          ontoclasm_vaults_claustrophobia, nicolae_vaults_angled_halls,
          v_alt_pattern_6, vaults_dpeg_spiral, nicolae_vaults_storage_closets_3,
          nicolae_vaults_closet_pinwheel_5, nicolae_vaults_tangram_1,
          nicolae_vaults_turnstiles, nicolae_vaults_border_crossing,
          layout_vaults_omnigrid, uniq_aizul
Vaults:2: vaults_room_semicircle, nicolae_vaults_shipping_containers_4,
          nicolae_vaults_little_ls, nicolae_vaults_closet_pinwheel_1,
          minmay_crypt_entry_simple_corners,
          nicolae_vaults_windows_and_doors_thing,
          nicolae_vaults_little_squares_1, ontoclasm_vaults_idyll,
          nicolae_vaults_diamond_1, nicolae_vaults_closet_pinwheel_1,
          nicolae_vaults_shelves_hall, nicolae_vaults_closet_pinwheel_1,
          vaults_room_large_hall, v_pattern_1, nicolae_vaults_network_barrier,
          layout_vaults_ring, serial_shops, shop, uniq_donald
Vaults:3: nicolae_vaults_trapezoid_lopsided_1, hangedman_vaults_corner,
          ontoclasm_vaults_gateway, nicolae_vaults_what_the_h,
          nicolae_vaults_sesquioval_fish, nicolae_vaults_tangram_2,
          nicolae_vaults_storage_room_statues, nicolae_vaults_six-pack,
          vaults_room_grid, nicolae_vaults_alarming, layout_vaults_chaotic_city
Vaults:4: mu_enter_wizlab_2, st_octagons_2, v_misc_10, v_alt_pattern_2,
          nicolae_vaults_variable_pillar_hall,
          nicolae_vaults_network_quinsquares
          [nicolae_vaults_network_quincunx_subvault,
          nicolae_vaults_network_quincunx_subvault,
          nicolae_vaults_network_quincunx_subvault,
          nicolae_vaults_network_quincunx_subvault],
          nicolae_vaults_closet_pinwheel_4, nicolae_vaults_angled_halls,
          vaults_room_large_hall, nicolae_vaults_rhombus_7,
          nicolae_vaults_trapezoid_lopsided_3, vaults_room_pool,
          vaults_room_stairs_pillars, v_misc_5,
          serial_library_hellmonk_semicircle, layout_vaults_omnicross, uniq_jory
Vaults:5
Crypt:1:  layout_misc_corridors, grunt_crypt_arrival_guarded_gate
Crypt:2:  layout_misc_corridors, basic_altar, hellmonk_scarab_ruin, uniq_khufu
Crypt:3:  due_elkab, layout_chaotic_city, tomb_entry_forgotten_bobbens,
          small_statue_intersection, amcnicky_mini_pool_small,
          serial_library_regret_index_split_case
Depths:1: layout_gridville, enter_ziggurat_d, pf_hell_entry_tar_spiral,
          muffindrake_ghost_dual_entry, hangedman_glass_teeth,
          grunt_pan_entry_in_and_out, chequers_serial_rivers_small_b,
          nicolae_yredelemnul_corpse_copse
Depths:2: minmay_guarded_unrand_majin_bo, layout_basic, grunt_mini_vestibule,
          pan_entry, abyss_entry, gammafunk_ghost_wrathful_warriors,
          minmay_misc_feat_cross, infiniplex_staircase_pillars_1,
          serial_bayou_shore_b
Depths:3: grunt_deathspiral_small, layout_basic, minmay_misc_feat_secret_circle,
          hell_entry, abyss_entry, minmay_evil_grid,
          infiniplex_staircase_zigzag_3
Depths:4: grunt_zot_entry_alcove, layout_cave_pools, hellmouth_1,
          serial_library_hellmonk_junction,
          nicolae_abyss_entry_one_way_or_another
Zot:1:    layout_misc_corridors, regret_index_zotdec_fiery_em,
          st_single_dragon_hoard_1, st_single_dragon_hoard_2, zot_minivault_4
Zot:2:    layout_basic
Zot:3:    layout_basic
Zot:4:    layout_gridlike, st_stairs_8
Zot:5:    layout_misc_corridors, regret_index_zotdec_carving_tricks

Skill      XL: |  1  2  3  4  5  6  7  8  9 10 11 12 13 14 15 16 17 18 19 20 21 22 23 24 25 26 |
---------------+-------------------------------------------------------------------------------+-----
Shields        | 3 4 5 6 7 8 9 10 11 12 13 14 15 16 18 19 20 21 | 21.8
Dodging        | 3 4 5 7 8 9 10 11 12 13 14 15 16 17 18 19 21 22 23 | 23.8
Fighting       | 3 4 5 6 7 8 9 10 11 12 13 14 15 16 17 18 19 | 19.5
Unarmed Combat | 3 4 5 7 8 10 12 13 15 16 18 19 20 21 22 24 25 26 27 | 27.0
Evocations     | 1 2 |  2.0

Action                     |  1- 3 |  4- 6 |  7- 9 | 10-12 | 13-15 | 16-18 | 19-21 | 22-24 | 25-27 || total
---------------------------+-------+-------+-------+-------+-------+-------+-------+-------+-------++-------
  Melee: Unarmed           |    66 |    77 |   254 |   429 |  1181 |  1392 |  1560 |  1731 |   903 ||  7593
         Pseudopods        |       |       |       |    84 |   176 |       |    28 |       |       ||   288
         Kick              |       |       |       |       |   245 |       |       |       |       ||   245
         Bite              |       |       |       |       |    69 |   203 |    89 |       |       ||   361
         Headbutt          |       |       |       |       |   100 |    74 |   287 |       |       ||   461
 Invoke: Oozemancy         |       |       |     2 |       |       |       |       |     1 |     6 ||     9
         Slimify           |       |       |       |     1 |     5 |       |     2 |     2 |       ||    10
  Evoke: Wand              |       |       |     1 |    11 |     1 |     9 |     7 |    15 |       ||    44
         Condenser vane    |       |       |       |       |       |     1 |       |       |       ||     1
    Use: Potion            |       |     1 |       |     1 |       |     2 |     5 |     4 |     7 ||    20
         Scroll            |       |       |     1 |       |    16 |    13 |     5 |     8 |     5 ||    48
   Stab: Sleeping          |     1 |     4 |    15 |     5 |    19 |     5 |    11 |     3 |     1 ||    64
         Distracted        |       |     1 |       |     3 |     1 |     2 |     1 |     6 |     1 ||    15
         Invisible         |       |       |     1 |     3 |       |       |     1 |     1 |       ||     6
         Confused          |       |       |       |       |       |       |    11 |    13 |     1 ||    25
 Armour: Robe              |    34 |    33 |    91 |   129 |   313 |   552 |   359 |   495 |   324 ||  2330
  Dodge: Dodged            |    27 |    34 |   130 |   352 |   697 |  1018 |   585 |   445 |   352 ||  3640
         Repelled          |       |       |       |       |       |     6 |    13 |       |       ||    19
  Block: Kite shield       |    27 |    37 |   124 |   269 |   759 |  1014 |   785 |  1056 |   530 ||  4601
         Reflection        |       |       |       |       |    22 |    37 |    33 |    24 |     9 ||   125
